 Dungeon Crawl Stone Soup version 0.21-a0-214-g0862e88 (webtiles) character file.

36 Spazmo the Firebug (level 3, 0/20 HPs)
             Began as a Deep Elf Fire Elementalist on Aug 21, 2017.
             Succumbed to an adder's poison
             ... on level 2 of the Dungeon.
             The game lasted 00:02:55 (904 turns).

Spazmo the Firebug (Deep Elf Fire Elementalist)      Turns: 904, Time: 00:02:55

Health: 0/20       AC:  3    Str:  5    XL:     3   Next: 19%
Magic:  3/9        EV: 13    Int: 20    God:
Gold:   83         SH:  0    Dex: 15    Spells: 5/8 levels left

rFire    . . .     SeeInvis .   g - +0 dagger
rCold    . . .     Gourm    .   (no shield)
rNeg     . . .     Faith    .   a - +1 robe
rPois    .         Spirit   .   (no helmet)
rElec    .         Reflect  .   (no cloak)
rCorr    .         Harm     .   (no gloves)
MR       .....                  (no boots)
Stlth    ++........             (no amulet)
HPRegen  0.06/turn              (no ring)
MPRegen  0.11/turn              (no ring)

@: lethally poisoned (0 -> -10)
A: no striking features
a: no special abilities


You were on level 2 of the Dungeon.
You were full.

You visited 1 branch of the dungeon, and saw 2 of its levels.

You collected 83 gold pieces.

Inventory:

Hand Weapons
 g - a +0 dagger (weapon)
Missiles
 f - 4 stones (quivered)
Armour
 a - a +1 robe (worn)
Jewellery
 d - a +6 amulet of reflection {unknown}
Books
 b - a book of Flames

   Spells                             Type                      Level
   a - Flame Tongue                   Conjuration/Fire             1
   b - Throw Flame                    Conjuration/Fire             2
   c - Conjure Flame                  Conjuration/Fire             3
   d - Inner Flame                    Hexes/Fire                   3
   e - Sticky Flame                   Conjuration/Fire             4
   f - Fireball                       Conjuration/Fire             5
Comestibles
 c - 2 bread rations


   Skills:
 + Level 1.0 Fighting
 + Level 2.7 Dodging
 - Level 2.4 Stealth
 * Level 3.4 Spellcasting
 * Level 2.1 Conjurations
 * Level 3.5 Fire Magic


You had 5 spell levels left.
You knew the following spells:

 Your Spells              Type           Power        Failure   Level  Hunger
a - Flame Tongue          Conj/Fire      ##...        4%          1    None
b - Throw Flame           Conj/Fire      ##....       6%          2    ##.....


Dungeon Overview and Level Annotations

Branches:
Dungeon (2/15)

Altars:


Message History

* * * LOW HITPOINT WARNING * * *
You feel sick.
* * * LOW HITPOINT WARNING * * *
You feel sick.
You see here an adder corpse.
Casting: Flame Tongue
Confirm with . or Enter, or press ? or * to list all spells.
Aiming: Flame Tongue
Press: ? - help, Shift-Dir - straight line, f - worm
Aim: a worm The flame tongue hits the worm.
The worm is lightly wounded.
Casting: Flame Tongue
Confirm with . or Enter, or press ? or * to list all spells.
Aiming: Flame Tongue
Press: ? - help, Shift-Dir - straight line, f/p - worm
Aim: a worm (lightly wounded)
The flame tongue hits the worm.
The worm is severely wounded.
You die...

#.####........####
###'####........#
#......#........#####
#......#.............
#......#.............
#......#.............
#......##+###+##.....
###'#####.### #.....
#.@[....... +<....
#w#####+#...##.....
.... #.......) #.....
#.......# #......
######### #.......
#........ ###.g.....


You could see a worm.

Vanquished Creatures
  An adder (D:2)
  A leopard gecko (D:1)
  3 bats (D:1)
  A giant cockroach (D:1)
  6 goblins (D:1)
  4 hobgoblins
  2 kobolds (D:1)
  3 frilled lizards (D:1)
  4 rats (D:1)
25 creatures vanquished.

Notes
Turn   | Place    | Note
-------+----------+-------------------------------------------
     0 | D:1      | Spazmo the Deep Elf Fire Elementalist began the quest for the Orb.
     0 | D:1      | Reached XP level 1. HP: 10/10 MP: 6/6
   466 | D:1      | Reached XP level 2. HP: 15/15 MP: 5/8
   470 | D:1      | Learned a level 2 spell: Throw Flame
   900 | D:2      | Reached skill level 1 in Fighting
   900 | D:2      | Reached XP level 3. HP: 4/20 MP: 4/9
   902 | D:2      | HP: 1/20 [poisoned by an adder]
   904 | D:2      | Succumbed to an adder's poison

Vault maps used:
D:1:      minmay_arrival_solitary_statue
D:2:      first_bread, kennysheep_another_room, glass_columns_c

Skill      XL: |  1  2 |
---------------+-------+-----
Fighting       | 1 |  1.0
Conjurations   | 2 |  2.1
Dodging        | |  2.7
Stealth        | |  2.4
Spellcasting   | |  3.4
Fire Magic     | |  3.5

Action                   || total
-------------------------++-------
Melee: Club              ||     6
       Dagger            ||     8
 Cast: Flame Tongue      ||    41
  Use: Scroll            ||     3
 Stab: Sleeping          ||     1
  Eat: Bread ration      ||     1
Armor: Robe              ||     7
Dodge: Dodged            ||    33

Table legend:
 A = Spawn XP
 B = Non-spawn XP
 C = Spawn XP percentage of total XP
 D = Spawn monster count
 E = Non-spawn monster count
 F = Spawn count percentage of total count
 G = Total turns spent on level
                    A         B        C        D         E        F      G
               +---------+---------+-------+---------+---------+-------+---------
         Total |       7 |      45 |  13.5 |       4 |      21 |  16.0 |   904
               +---------+---------+-------+---------+---------+-------+---------
           D:1 |       7 |      30 |  18.9 |       4 |      19 |  17.4 |   852
           D:2 |       0 |      15 |   0.0 |       0 |       2 |   0.0 |    52
               +---------+---------+-------+---------+---------+-------+---------
